 Dungeon Crawl Stone Soup version 0.32-a0-961-gd60f5e5fc7 (webtiles) character file.

Game seed: 10702050524023491763

114 LadyBoffin the Magician (level 4, 0/24 HPs)
             Began as a Deep Elf Fire Elementalist on Apr 18, 2024.
             Slain by an orc wizard
             ... wielding a +0 dagger
              (4 damage)
             ... on level 5 of the Dungeon.
             The game lasted 00:09:48 (2999 turns).

LadyBoffin the Magician (DEFE)                      Turns: 2999, Time: 00:09:49

Health: 0/24       AC:  4    Str: 11    XL:     4   Next: 66%
Magic:  4/12       EV: 11    Int: 22    God:
Gold:   134        SH:  0    Dex: 15    Spells: 10/11 levels left

rFire   . . .        d - +0 sling
rCold   . . .        (no shield)
rNeg    . . .        c - +1 leather armour
rPois   .            (no helmet)
rElec   .            (no cloak)
rCorr   .            (no gloves)
SInv    .            (no boots)
Will    .....        (no amulet)
Stlth   ++           n - +6 ring of strength
HPRegen 0.24/turn    (no ring)
MPRegen 0.13/turn

%: no passive effects
@: no status effects
A: no striking features
a: no special abilities


You were on level 5 of the Dungeon.
You visited 1 branch of the dungeon, and saw 4 of its levels.

You collected 134 gold pieces.

Inventory:

Hand Weapons
 d - a +0 sling (weapon)
Armour
 c - a +1 leather armour (worn)
Jewellery
 n - a +6 ring of strength (left hand)
Scrolls
 e - 2 scrolls of blinking
 h - a scroll of silence
 k - a scroll of amnesia
 m - a scroll of fear {unknown}
Potions
 a - a potion of degeneration {unknown}
 b - a potion of magic
 f - a potion of heal wounds {unknown}
 g - a potion of curing {unknown}
 i - a potion of mutation {unknown}
 j - a potion of lignification {unknown}
 l - a potion of attraction {unknown}


   Skills:
 + Level 3.4 Dodging
 + Level 3.5 Stealth
 + Level 4.0 Spellcasting
 + Level 2.3 Conjurations
 + Level 3.9 Fire Magic


You had 10 spell levels left.
You knew the following spells:

 Your Spells              Type           Power      Damage    Failure   Level
a - Foxfire               Conj/Fire      72%        2x1d7     4%          1

Your spell library contained the following spells:

 Spells                   Type           Power      Damage    Failure   Level
 Scorch                   Fire           42%        2d6       4%          2
 Inner Flame              Hex/Fire       13%        N/A       21%         3
 Volatile Blastmotes      Fire/Tloc      26%        2d12      21%         3
 Call Imp                 Summ           8%         N/A       22%         2
 Sublimation of Blood     Necr           4%         N/A       22%         2
 Flame Wave               Conj/Fire      18%        2d7       38%         4
 Summon Hydra             Summ           2%         N/A       100%        7


Dungeon Overview and Level Annotations

Branches:
Dungeon (3/15)

Altars:
Elyvilon
Makhleb

Annotations:
D:3 2 runed translucent doors, DrKenneth's ghost, amateur MiFi


Message History

Confirm with . or Enter, or press ? or * to list all spells.
You conjure some foxfire!
The foxfire hits something but does no damage.
Your foxfire dissipates!
Casting: Foxfire (safe; 4% risk of failure)
Confirm with . or Enter, or press ? or * to list all spells.
You conjure some foxfire!
The foxfire hits something but does no damage.
The foxfire hits something.
Casting: Foxfire (safe; 4% risk of failure)
Confirm with . or Enter, or press ? or * to list all spells.
You conjure some foxfire!
Reactivating autopickup.
An orc wizard appears from thin air!
The orc wizard gestures wildly while chanting.
The orc wizard flickers and vanishes!
Deactivating autopickup; reactivate with Ctrl-A.
Casting: Foxfire (safe; 4% risk of failure)
Confirm with . or Enter, or press ? or * to list all spells.
There is not enough space to conjure foxfire!
Unknown command.
Casting: Foxfire (safe; 4% risk of failure)
Confirm with . or Enter, or press ? or * to list all spells.
There is not enough space to conjure foxfire!
Your foxfire dissipates!
The foxfire hits something.
Casting: Foxfire (safe; 4% risk of failure)
Confirm with . or Enter, or press ? or * to list all spells.
You conjure some foxfire!
Something hits you but does no damage.
Your foxfire dissipates!
The foxfire hits something but does no damage.
Casting: Foxfire (safe; 4% risk of failure)
Confirm with . or Enter, or press ? or * to list all spells.
You conjure some foxfire!
Something completely misses you.
Your foxfire dissipates!
Something hits you but does no damage.
Casting: Foxfire (safe; 4% risk of failure)
Confirm with . or Enter, or press ? or * to list all spells.
You conjure some foxfire!
Something hits you.
You die...

#.. #.# ... #.# #.# #..# #.#
#.##.# #.# #[.
#.###.##.###.##.# ##o.
.......vv....##.# ... #.#
#.##@# #.# # #.# #.# #.##.# #.#
#.##.####.# #.##o######.#######
#.........###.##...............
#........o....#########.#######
.....########.#########.#
##.### #..)....o...# #.
#.#########.# # ### ###


You could see an orc.

Vanquished Creatures
  A bombardier beetle (D:3)
  3 adders
  3 ribbon worms
  3 orcs
  5 endoplasms
  2 giant cockroaches (D:2)
  3 goblins
  5 hobgoblins
  7 kobolds
  2 quokkas
  A ball python (D:3)
  5 bats
  3 frilled lizards
  6 rats
49 creatures vanquished.

Vanquished Creatures (others)
  169 foxfires
169 creatures vanquished.

Grand Total: 218 creatures vanquished

Notes
Turn   | Place    | Note
-------+----------+-------------------------------------------
     0 | D:1      | LadyBoffin the Deep Elf Fire Elementalist began the quest
                  | for the Orb.
     0 | D:1      | Reached XP level 1. HP: 10/10 MP: 6/6
   376 | D:1      | Reached XP level 2. HP: 15/15 MP: 5/8
   443 | D:1      | Found a faded altar of an unknown god.
  1230 | D:2      | Found a white marble altar of Elyvilon.
  1417 | D:2      | Reached XP level 3. HP: 19/19 MP: 0/9
  2283 | D:3      | Reached XP level 4. HP: 24/24 MP: 2/11
  2652 | D:3      | Identified the +5 flail of Wedo {vamp, rCorr Str+6}
  2768 | D:3      | Found a burning altar of Makhleb.
  2864 | D:3      | Found a large runed translucent door.
  2865 | D:3      | Found a large runed translucent door.
  2868 | D:3      | Noticed DrKenneth's ghost (amateur MiFi)
  2944 | D:3      | You fall into a shaft and drop 2 floors!
  2944 | D:5      | Entered Level 5 of the Dungeon
  2971 | D:5      | Reached skill level 4 in Spellcasting
  2986 | D:5      | HP: 1/24 [something/puff of flame (9)]
  2999 | D:5      | Slain by an orc wizard

Illustrated notes

Levels and vault maps discovered:
D:1:      dpeg_arrival_shrine, layout_basic, dilly_ecumenical_altar_fadedgnrine
D:2:      layout_basic, basic_altar, serial_bayou_crossing
D:3:      layout_basic, marbit_many_paths, ebering_ghost_disaster_area
D:5:      layout_basic, ashenzari_conservatory_becter, uniq_menkaure, uniq_pikel

Skill      XL: |  1  2  3  4 |
---------------+-------------+-----
Stealth        | 3 |  3.5
Dodging        | 3 |  3.4
Conjurations   | 2 |  2.3
Spellcasting   | 4 |  4.0
Fire Magic     | |  3.9

Action                     |  1- 3 |  4- 6 || total
---------------------------+-------+-------++-------
  Melee: Unarmed           |     2 |       ||     2
   Fire: Sling             |    16 |     2 ||    18
   Cast: Foxfire           |    83 |    37 ||   120
    Use: Scroll            |     5 |       ||     5
 Armour: Leather armour    |    17 |    18 ||    35
  Dodge: Dodged            |    11 |    10 ||    21

Table legend: (Time is in decaauts)
 A = Elapsed time spent in this place.
 B = Non-inter-level travel time spent in this place.
 C = Inter-level travel time spent in this place.
 D = Time resting spent in this place.
 E = Time spent auto-exploring this place.
 F = Levels seen in this place.
 G = Mean time per level.
                   A        B        C        D        E       F      G
               +--------+--------+--------+--------+--------+-----+--------+
         Total |   3013 |   2914 |     99 |    331 |   1421 |   4 |  753.2 |
       Dungeon |   3013 |   2914 |     99 |    331 |   1421 |   4 |  753.2 |
               +--------+--------+--------+--------+--------+-----+--------+

Top non-repeatable levels by time:
     D:1: 1163 daAuts
     D:2: 1061 daAuts
     D:3: 732 daAuts
     D:5: 55 daAuts
